 Dungeon Crawl Stone Soup version 0.29.0-7-g18a832c13a (webtiles) character file.

Game seed: 11079083660724299785

109 gelatine the Grasshopper (level 4, 0/37 HPs)
             Began as a Draconian Warper on Aug 31, 2022.
             Slain by a white imp (2 damage)
             ... summoned by Natasha
             ... on level 2 of the Dungeon.
             The game lasted 00:06:46 (2403 turns).

gelatine the Grasshopper (Draconian Warper)         Turns: 2403, Time: 00:06:46

Health: 0/37       AC:  6    Str: 13    XL:     4   Next: 59%
Magic:  0/7        EV: 12    Int: 15    God:
Gold:   63         SH:  0    Dex: 11    Spells: 5/8 levels left

rFire   . . .      SeeInvis .   d - +0 sling
rCold   . . .      Faith    .   (no shield)
rNeg    . . .      Spirit   +   (body armour unavailable)
rPois   .          Reflect  .   (helmet restricted)
rElec   .          Harm     .   (no cloak)
rCorr   .          Rampage  .   (no gloves)
Will    .....                   k - +0 pair of boots
Stlth   +.........              l - amulet of guardian spirit
HPRegen 0.12/turn               (no ring)
MPRegen 0.10/turn               (no ring)

@: slowed, very slow
A: AC +5, unfitting armour, cold-blooded
a: no special abilities


You were on level 2 of the Dungeon.
You visited 1 branch of the dungeon, and saw 2 of its levels.

You collected 63 gold pieces.

Inventory:

Hand Weapons
 a - a +0 short sword
 d - a +0 sling (weapon)
 j - a +0 dagger of speed
Missiles
 c - 7 boomerangs of dispersal
 n - 2 javelins
Armour
 k - a +0 pair of boots (worn)
Jewellery
 l - an amulet of guardian spirit (around neck)
Scrolls
 b - a scroll of blinking
 f - a scroll of noise {unknown}
 g - a scroll of amnesia {unknown}
 h - a scroll of vulnerability {unknown}
Potions
 e - a potion of attraction {unknown}
 i - a potion of berserk rage {unknown}
 m - a potion of resistance {unknown}


   Skills:
 + Level 2.8 Fighting
 + Level 2.0 Short Blades
 + Level 2.5 Ranged Weapons
 + Level 0.8 Throwing
 + Level 2.5 Dodging
 + Level 0.1 Stealth
 + Level 2.5 Spellcasting
 + Level 3.2 Translocations


You had 5 spell levels left.
You knew the following spells:

 Your Spells              Type           Power      Damage    Failure   Level
a - Blink                 Tloc           22%        N/A       9%          2
b - Apportation           Tloc           22%        N/A       5%          1

Your spell library contained the following spells:

 Spells                   Type           Power      Damage    Failure   Level
 Gell's Gravitas          Tloc           11%        N/A       17%         3
 Lesser Beckoning         Tloc           11%        N/A       17%         3
 Teleport Other           Tloc           11%        N/A       17%         3
 Necrotise                Necr           4%         1d4       22%         1
 Summon Small Mammal      Summ           4%         N/A       22%         1
 Manifold Assault         Tloc           11%        N/A       83%         5


Dungeon Overview and Level Annotations

Branches:
Dungeon (2/15)

Altars:

Annotations:
D:2 Natasha


Innate Abilities, Weirdness & Mutations

Your plain brown scales are hard. (AC +5)
You cannot fit into any form of body armour.
You are cold-blooded and may be slowed by cold attacks.


Message History

Natasha is moderately wounded.
The white imp barely misses you. The white imp gestures at you.
The puff of frost hits you!
Natasha mumbles some strange words.
Natasha shimmers violently.
Natasha casts a spell.
The white imp gestures at you. The puff of frost misses you.
Unknown command.
Fire: d) +0 sling
Press: ? - help, Q - select action, (/) - cycle Shift-Dir - straight line, f/p - Natasha
Aim: Natasha (moderately wounded, spells empowered, 45% to hit)
You shoot a sling bullet.
The sling bullet closely misses Natasha.
The sling bullet completely misses the white imp.
The white imp shouts, "Scamper home, thou mammering toenail-biting buzzard-bait!"
Natasha claws you. The white imp gestures at you. The puff of frost hits you.
* * * LOW HITPOINT WARNING * * *
Fire: d) +0 sling
Press: ? - help, Q - select action, (/) - cycle Shift-Dir - straight line, f/p - Natasha
Aim: Natasha (moderately wounded, spells empowered, 45% to hit)
You shoot a sling bullet. The sling bullet hits Natasha.
Natasha is moderately wounded.
Natasha stares at you and mumbles some strange words.
The magic dart hits you.
* * * LOW HITPOINT WARNING * * *
The white imp barely misses you. The white imp closely misses you.
Natasha barely misses you. The white imp closely misses you.
The white imp misses you.
Fire: d) +0 sling
Press: ? - help, Q - select action, (/) - cycle Shift-Dir - straight line, f/p - Natasha
Aim: Natasha (moderately wounded, spells empowered, 45% to hit)
You shoot a sling bullet. The sling bullet hits Natasha.
Natasha is heavily wounded.
Natasha claws you.
* * * LOW HITPOINT WARNING * * *
The white imp hits you.
You die...

#...# #...#.# #... #...#
######...##### #... #...#
#...>........#### ####
#...######.#.##..........# #
..............#..###....<# ####
.................# #.....# #...
.................###.....# #.##
......####.....55........# #.##
....#.# #....5h@.....#### #...
<.....# ###.########## #..#
......# #.# ######## #..# ......#
#.# #......# #... ......# #.#
#..###.##### ##.#
.#.#.#######.###..#.......#####.#
....................#.###.......#
.......####.####......# #########
.>.....####.# #.####.#


You could see Natasha (empowered) and 3 white imps.

Vanquished Creatures
  Natasha (twice) (D:2)
  2 adders (D:2)
  2 dart slugs
  2 endoplasms
  3 giant cockroaches
  A hobgoblin (D:1)
  A jackal (D:1)
  4 ball pythons (D:2)
  4 bats (D:1)
  6 frilled lizards
  3 goblins
  6 kobolds
  4 rats
40 creatures vanquished.

Notes
Turn   | Place    | Note
-------+----------+-------------------------------------------
     0 | D:1      | gelatine the Draconian Warper began the quest for the Orb.
     0 | D:1      | Reached XP level 1. HP: 17/17 MP: 3/3
   398 | D:1      | Reached skill level 1 in Ranged Weapons
   398 | D:1      | Reached XP level 2. HP: 24/24 MP: 5/5
   574 | D:1      | Learned a level 2 spell: Blink
  1100 | D:2      | Reached XP level 3. HP: 11/30 MP: 3/6
  1321 | D:2      | Learned a level 1 spell: Apportation
  1973 | D:2      | Noticed Natasha
  1989 | D:2      | Killed Natasha
  1990 | D:2      | Reached XP level 4. HP: 20/37 MP: 1/7
  2150 | D:2      | Noticed Natasha
  2163 | D:2      | Killed Natasha
  2387 | D:2      | Noticed Natasha
  2403 | D:2      | Slain by a white imp

Illustrated notes

Levels and vault maps discovered:
D:1:      onia_arrival_mini_spirals, layout_loops_cross
D:2:      layout_loops_cross, uniq_natasha

Skill      XL: |  1  2  3 |
---------------+----------+-----
Ranged Weapons | 1 2 |  2.5
Fighting       | |  2.8
Short Blades   | |  2.0
Throwing       | |  0.8
Dodging        | |  2.5
Stealth        | |  0.1
Spellcasting   | |  2.5
Translocations | |  3.2

Action                   |  1- 3 |  4- 6 || total
-------------------------+-------+-------++-------
 Fire: Sling             |   177 |    26 ||   203
 Cast: Blink             |    12 |     2 ||    14
       Apportation       |     2 |       ||     2
Armor: Skin              |    50 |     5 ||    55
Dodge: Dodged            |    82 |    16 ||    98
